 Dungeon Crawl Stone Soup version 0.18.1-48-g4cf74bf (webtiles) character file.

101 Freud88 the Covered (level 4, -2/41 HPs)
             Began as a Minotaur Fighter on Aug 25, 2016.
             Slain by Grinder (6 damage)
             ... on level 3 of the Dungeon.
             The game lasted 00:02:39 (1566 turns).

Freud88 the Covered (Minotaur Fighter)              Turns: 1566, Time: 00:02:39

Health: -2/41      AC:  7    Str: 21    XL:     4   Next: 48%
Magic:  3/3        EV:  8    Int:  5    God:
Gold:   73         SH:  9    Dex: 10    Spells: 0 memorised, 3 levels left

rFire  . . .     SeeInvis .     a - +0 long sword
rCold  . . .     Gourm    .     b - +0 scale mail
rNeg   . . .     Faith    .     c - +0 shield
rPois  .         Spirit   .     (helmet restricted)
rElec  .         Dismiss  .     (no cloak)
rCorr  .         Reflect  .     (no gloves)
SustAt .         Harm     .     (no boots)
MR     .....                    (no amulet)
Stlth  ..........               (no ring)
                                (no ring)

@: not resistant to hostile enchantments, extremely unstealthy
A: retaliatory headbutt, horns 2
a: no special abilities


You were on level 3 of the Dungeon.
You were not hungry.

You visited 1 branch of the dungeon, and saw 3 of its levels.

You collected 73 gold pieces.

Inventory:

Hand Weapons
 a - a +0 long sword (weapon)
Armour
 b - a +0 scale mail (worn)
 c - a +0 shield (worn)
Scrolls
 g - a scroll of noise {unknown}
 i - 2 scrolls of remove curse {unknown}
 j - 3 scrolls of identify {unknown}
 l - 2 scrolls of enchant weapon {unknown}
 q - a scroll of teleportation {unknown}
Potions
 d - a potion of might
 e - a potion of degeneration {unknown}
 h - a potion of haste {unknown}
 m - a potion of resistance {unknown}
 o - 3 potions of mutation {unknown}
 p - a potion of magic {unknown}
 s - a potion of invisibility {unknown}
Comestibles
 f - 4 bread rations
 k - 2 royal jellies
 n - 3 fruits
 r - a meat ration


   Skills:
 + Level 4.3 Fighting
 * Level 3.3 Long Blades
 + Level 4.4 Armour
 - Level 1.0 Dodging
 + Level 4.4 Shields


You had 3 spell levels left.
You didn't know any spells.

Dungeon Overview and Level Annotations

Branches:
Dungeon (3/15)

Altars:
Gozag

Annotations:
D:3 Grinder


Innate Abilities, Weirdness & Mutations

You reflexively headbutt those who attack you in melee.
You have a pair of horns on your head.


Message History

Grinder is almost dead.
Grinder misses you. You block Grinder's attack.
You completely miss Grinder.
Grinder is almost dead.
Grinder hits you but does no damage.
You barely miss Grinder.
Grinder is almost dead.
Grinder gestures at you. Pain shoots through your body!
* * * LOW HITPOINT WARNING * * *
You are too injured to fight recklessly!
You are too injured to fight recklessly!
You are too injured to fight recklessly!
You are too injured to fight recklessly!
You barely miss Grinder.
Grinder is almost dead.
Grinder hits you.
* * * LOW HITPOINT WARNING * * *
You writhe in agony.
You die...

.......# .......#
#...... .......# #..(...
....†..# ...... .......#
#.#.# ### ......##
#...#####.... ......#
#........... ......#
#...........
......#######...@5......
......##..)...>.........
......##.#####.........#
......##.# #.........#
......##.# #.........#
......##.# #.........#
.......#.# #.........#
......##.# ###########
####'###.#


You could see Grinder.

Vanquished Creatures
  4 adders
  4 dart slugs
  5 giant geckos
  An orc (D:3)
  A ball python (D:3)
  7 goblins
  7 hobgoblins
  4 kobolds
  3 quokkas
  7 bats
  A giant newt (D:1)
  5 rats
49 creatures vanquished.

Notes
Turn   | Place    | Note
--------------------------------------------------------------
     0 | D:1      | Freud88 the Minotaur Fighter began the quest for the Orb.
     0 | D:1      | Reached XP level 1. HP: 19/19 MP: 0/0
   118 | D:1      | Reached XP level 2. HP: 26/27 MP: 1/1
   805 | D:2      | Found an opulent altar of Gozag.
   810 | D:2      | Reached XP level 3. HP: 33/33 MP: 2/2
  1266 | D:2      | Reached XP level 4. HP: 40/40 MP: 3/3
  1410 | D:3      | Reached skill level 1 in Dodging
  1528 | D:3      | Noticed Grinder
  1528 | D:3      | Paralysed by Grinder for 7 turns
  1566 | D:3      | Slain by Grinder

Skill      XL: |  1  2  3  4 |
---------------+-------------+-----
Armour         | 4 |  4.4
Fighting       | 4 |  4.3
Long Blades    | 3 |  3.3
Shields        | 4 |  4.4
Dodging        | 1 |  1.0

Action                   |  1- 3 |  4- 6 || total
-------------------------+-------+-------++-------
Melee: Long sword        |    79 |    62 ||   141
       Headbutt          |    12 |    13 ||    25
  Eat: Chunk             |     1 |     1 ||     2
Armor: Scale mail        |    34 |    16 ||    50
Dodge: Dodged            |    34 |    21 ||    55
Block: Shield            |    49 |    29 ||    78
